 Dungeon Crawl Stone Soup version 0.31-a0-1009-g454b1f1e0a (webtiles) character file.

Game seed: 10136086659508492278

15920 zero the Scribe (level 12, -9/69 HPs)
             Began as a Gargoyle Earth Elementalist on Nov 14, 2023.
             Was a Priest of Sif Muna.
             Killed from afar by a fire dragon (18 damage)
             ... with a blast of flame
             ... on level 1 of the Lair of Beasts.
             The game lasted 00:27:38 (18591 turns).

zero the Scribe (Gargoyle Earth Elementalist)      Turns: 18591, Time: 00:27:39

Health: -9/69      AC: 12    Str: 13    XL:     12   Next: 32%
Magic:  9/24       EV: 12    Int: 20    God:    Sif Muna [***...]
Gold:   364        SH:  0    Dex: 10    Spells: 14/27 levels left

rFire   + . .        i - +1 rapier (drain)
rCold   + . .        (no shield)
rNeg    + . .        e - +0 robe {rF+}
rPois   ∞            y - +0 helmet
rElec   +            (no cloak)
rCorr   .            (no gloves)
SInv    .            (no boots)
Will    +....        (no amulet)
Stlth   ++           f - ring of wizardry
HPRegen 0.31/turn    p - ring "Rogoytzy" {rC+ Will+ Slay+3}
MPRegen 0.19/turn

%: wizardry (x1)
@: channelling
A: sickness immunity, AC +8, negative energy resistance 1, electricity
resistance, torment resistance 1, petrification resistance
a: Renounce Religion, Channel Magic, Forget Spell


You were on level 1 of the Lair of Beasts.
You worshipped Sif Muna.
Sif Muna was most pleased with you.
You visited 3 branches of the dungeon, and saw 14 of its levels.
You also visited: Ossuary.

You collected 745 gold pieces.
You spent 381 gold pieces at shops.

Inventory:

Hand Weapons
 i - a +1 rapier of draining (weapon)
Armour
 e - a +0 robe of fire resistance (worn)
 y - a +0 helmet (worn)
Magical Staves
 v - a staff of cold
Jewellery
 f - a ring of wizardry (left hand)
 g - a +5 ring of evasion
 n - a ring of fire
 p - the ring "Rogoytzy" (right hand) {rC+ Will+ Slay+3}
   (You bought it in a shop on level 11 of the Dungeon)

   [ring of protection from cold]

   Slay+3:    It affects your accuracy & damage with ranged weapons and melee
   (+3).
   rC+:       It protects you from cold.
   Will+:     It increases your willpower.
Wands
 l - a wand of quicksilver (1)
 A - a wand of polymorph (12)
 B - a wand of mindburst (5)
 C - a wand of iceblast (7)
 D - a wand of digging (5)
Scrolls
 a - 3 scrolls of fog
 d - 4 scrolls of teleportation
 k - 3 scrolls of revelation
 r - 2 scrolls of fear
 w - 3 scrolls of immolation
 z - a scroll of vulnerability
 F - a scroll of blinking
Potions
 b - 2 potions of magic
 c - 5 potions of curing
 h - 2 potions of attraction
 j - 4 potions of heal wounds
 m - 3 potions of berserk rage {unknown}
 o - 2 potions of haste
 q - 2 potions of might
 s - a potion of cancellation {unknown}
 t - 3 potions of ambrosia
 u - 2 potions of lignification
 x - a potion of invisibility {unknown}
 E - a potion of enlightenment


   Skills:
 + Level 5.7 Fighting
 - Level 2.0 Short Blades
 + Level 4.1 Armour
 - Level 2.0 Dodging
 - Level 3.0 Stealth
 - Level 8.0 Spellcasting
 * Level 7.8 Conjurations
 + Level 5.4 Summonings
 - Level 6.0 Transmutations
 - Level 5.0 Ice Magic
 * Level 8.0 Earth Magic
 - Level 9.0 Invocations


You had 14 spell levels left.
You knew the following spells:

 Your Spells              Type           Power      Damage    Failure   Level
a - Sandblast             Erth           80%        2d17      1%          1
b - Stone Arrow           Conj/Erth      78%        3d11      1%          3
c - Summon Ice Beast      Ice/Summ       28%        N/A       4%          4
d - Irradiate             Conj/Tmut      17%        3d17      6%          5

Your spell library contained the following spells:

 Spells                   Type           Power      Damage    Failure   Level
 Ensorcelled Hibernation  Hex/Ice        36%        N/A       1%          2
 Passwall                 Tmut/Erth      30%        N/A       1%          2
 Call Canine Familiar     Summ           29%        N/A       1%          3
 Dazzling Flash           Conj/Hex       46%        N/A       1%          3
 Hailstorm                Conj/Ice       33%        3d8       1%          3
 Brom's Barrelling Bould  Conj/Erth      39%        2d6       1%          4
 Petrify                  Tmut/Erth      36%        N/A       1%          4
 Necrotise                Necr           32%        1d5       3%          1
 Slow                     Hex            32%        N/A       3%          1
 Summon Guardian Golem    Hex/Summ       18%        N/A       3%          3
 Leda's Liquefaction      Hex/Erth       12%        N/A       6%          4
 Confusing Touch          Hex            8%         N/A       11%         3
 Sigil of Binding         Hex            8%         N/A       11%         3
 Swiftness                Air            8%         N/A       11%         3
 Tukima's Dance           Hex            8%         N/A       11%         3
 Vampiric Draining        Necr           8%         2d6       11%         3
 Yara's Violent Unravell  Hex/Tmut       10%        3d6       26%         5
 Dimensional Bullseye     Hex/Tloc       4%         N/A       32%         4
 Passage of Golubria      Tloc           8%         N/A       32%         4
 Agony                    Necr           8%         N/A       65%         5
 Silence                  Hex/Air        4%         N/A       65%         5
 Orb of Destruction       Conj           19%        9d8       71%         7
 Simulacrum               Ice/Necr       9%         N/A       86%         6
 Spellforged Servitor     Conj/Summ      17%        N/A       86%         7
 Sublimation of Blood     Necr           Unusable   N/A       N/A         2

Dungeon Overview and Level Annotations

Branches:
Dungeon (12/15)            Temple (1/1) D:7            Lair (1/5) D:9
Ossuary (visited)
    Orc: D:9-12

Altars:
Ashenzari
Cheibriados
Dithmenos
Elyvilon
Fedhas
Gozag
Hepliaklqana
Kikubaaqudgha
Makhleb
Nemelex Xobeh
Okawaru
Qazlal
Ru
Sif Muna
Trog
Uskayaw
Vehumet
Wu Jian
Xom
Yredelemnul
Zin
The Shining One

Shops:
D:4 (   D:11 =**

Annotations:
D:8 exclusion: downstairs
D:10 exclusions: door and 2 slime creatures, Sonja


Innate Abilities, Weirdness & Mutations

You are immune to sickness and miasma.
Your stone body is resilient. (AC +8)
You are immune to poison.
You resist negative energy. (rN+)
You are resistant to electric shocks. (rElec)
You are resistant to unholy torment.
You are immune to petrification.


Message History

The fire dragon tramples you but does no damage.
Casting: Sandblast (safe; 1% risk of failure)
Confirm with . or Enter, or press ? or * to list all spells.
Aiming: Sandblast (safe; 1% risk of failure)
Press: ? - help, Shift-Dir - straight line, f/p - fire dragon
Aim: a fire dragon (severely wounded, catching its breath, ally target, 89% to hit)
The blast of sand hits the fire dragon but does no damage.
The fire dragon is severely wounded.
Your ice beast barely misses the fire dragon.
The fire dragon completely misses you. The fire dragon claws you.
The fire dragon tramples you.
You stumble backwards!
Casting: Sandblast (safe; 1% risk of failure)
Confirm with . or Enter, or press ? or * to list all spells.
You don't have enough magic to cast this spell.
Unknown command.
Okay, then.
The fire dragon bites you. The fire dragon barely misses you.
The fire dragon tramples you.
You stumble backwards!
Casting: Sandblast (safe; 1% risk of failure)
Confirm with . or Enter, or press ? or * to list all spells.
Aiming: Stone Arrow (safe; 1% risk of failure)
Press: ? - help, Shift-Dir - straight line, f/p - fire dragon
Aim: a fire dragon (severely wounded, catching its breath, ally target, 81% to hit)
The stone arrow hits the fire dragon!!
The fire dragon is almost dead.
The fire dragon bites you!
* * * LOW HITPOINT WARNING * * *
The fire dragon barely misses you.
The fire dragon tramples you but does no damage.
Your ice beast hits the fire dragon but does no damage.
Casting: Stone Arrow (safe; 1% risk of failure)
Confirm with . or Enter, or press ? or * to list all spells.
Aiming: Stone Arrow (safe; 1% risk of failure)
Press: ? - help, Shift-Dir - straight line, f/p - fire dragon
Aim: a fire dragon (almost dead, ally target, 81% to hit)
The stone arrow hits the fire dragon!
The fire dragon is almost dead.
The fire dragon breathes flames at you. The blast of flame hits you!!
You resist.
You die...

##..#...........
####..####..........
#..## #.......... #...#
#.......... #..##
#..........
#...###..........
#).###............
#..## #...........
#...# #..@........
#..## #..D........
#...# #..Y........
#..## #!.......... #..#
##...........
#.###..###....$.......
..........†............
.......................
.......................


You could see a fire dragon (catching breath, ally target) and a friendly ice
beast (summoned).

Vanquished Creatures
  A two-headed ogre (D:11)
  A death yak (D:8)
  A cyclops (D:11)
  A black mamba (Lair:1)
  A cane toad (Lair:1)
  An unseen horror (D:12)
  A rime drake (Lair:1)
  A troll (D:11)
  A polar bear (Lair:1)
  2 blink frogs
  A hornet (D:10)
  5 shadows
  23 yaks
  2 wraiths (D:10)
  3 wyverns
  2 steam dragons
  3 basilisks
  2 vampire mosquitoes (D:11)
  Menkaure (Ossuary)
  2 water moccasins
  5 orc warriors
  2 black bears
  3 ice beasts
  A sky beast (D:6)
  An ogre (D:7)
  3 centaurs
  A phantom (D:4)
  2 kobold brigands (D:7)
  4 bullfrogs
  2 scorpions (D:5)
  4 wights (D:8)
  5 killer bees (D:7)
  4 howler monkeys
  3 orc priests
  5 hounds
  2 jellies
  2 sleepcaps
  Crazy Yiuf (D:2)
  7 orc wizards
  Natasha (twice) (D:4)
  2 iguanas (D:5)
  2 mummies (Ossuary)
  6 adders
  9 gnolls
  A shadow imp (D:6)
  A white imp (D:6)
  4 ufetubi
  2 dart slugs
  25 orcs
  9 endoplasms
  9 giant cockroaches
  2 gnoll zombies (Ossuary)
  11 goblins
  9 hobgoblins
  4 quokkas
  9 ball pythons
  2 bats
  4 frilled lizards
  6 gnoll skeletons (Ossuary)
  4 goblin skeletons (Ossuary)
  3 goblin zombies (Ossuary)
  7 hobgoblin skeletons (Ossuary)
  7 hobgoblin zombies (Ossuary)
  14 kobolds
  4 kobold skeletons (Ossuary)
  5 kobold zombies (Ossuary)
  3 orc skeletons (Ossuary)
  4 orc zombies (Ossuary)
  2 rats
  A rat skeleton (Ossuary)
  4 rat zombies (Ossuary)
289 creatures vanquished.

Vanquished Creatures (collateral kills)
  A komodo dragon (Lair:1)
  2 blink frogs (Lair:1)
  8 yaks
  A vampire (D:11)
  A vampire mosquito (D:11)
  An acid dragon (D:11)
  An orc warrior (D:11)
  A black bear (D:8)
  A centaur (D:11)
  A gnoll sergeant (D:9)
  A killer bee (D:7)
  4 howler monkeys (D:11)
  3 orc wizards
  A mummy (Ossuary)
  2 gnolls (D:9)
  6 orcs
35 creatures vanquished.

Grand Total: 324 creatures vanquished

Notes
Turn   | Place    | Note
-------+----------+-------------------------------------------
     0 | D:1      | zero the Gargoyle Earth Elementalist began the quest for
                  | the Orb.
     0 | D:1      | Reached XP level 1. HP: 10/10 MP: 3/3
   234 | D:1      | Reached XP level 2. HP: 16/16 MP: 1/5
   417 | D:1      | Reached skill level 1 in Fighting
   519 | D:1      | Reached skill level 1 in Conjurations
   682 | D:1      | Reached XP level 3. HP: 20/20 MP: 4/6
   686 | D:1      | Learned a level 3 spell: Stone Arrow
  1981 | D:2      | Reached XP level 4. HP: 16/26 MP: 2/7
  2278 | D:2      | Found a runed translucent door.
  2279 | D:2      | Noticed Crazy Yiuf
  2658 | D:2      | Killed Crazy Yiuf
  2659 | D:2      | Reached XP level 5. HP: 30/30 MP: 2/9
  2870 | D:3      | Reached skill level 1 in Short Blades
  3143 | D:3      | Learned a level 4 spell: Summon Ice Beast
  3340 | D:3      | Found a radiant altar of Vehumet.
  3807 | D:3      | Found a sacrificial altar of Ru.
  3868 | D:4      | Reached skill level 5 in Earth Magic
  3868 | D:4      | Reached XP level 6. HP: 35/35 MP: 7/11
  3979 | D:4      | Found a shadowy altar of Dithmenos.
  3986 | D:4      | Reached skill level 1 in Ice Magic
  4042 | D:4      | Reached skill level 1 in Summonings
  4138 | D:4      | Found Mius's Antique Weapon Shop.
  4221 | D:4      | Reached XP level 7. HP: 38/40 MP: 8/12
  4247 | D:4      | Noticed Natasha
  4251 | D:4      | Killed Natasha
  4400 | D:4      | Found a hazy altar of Hepliaklqana.
  4957 | D:4      | Noticed Natasha
  4961 | D:4      | Killed Natasha
  5126 | D:4      | Found a broken altar of Ashenzari.
  5135 | D:4      | Found an ornate altar of the Wu Jian Council.
  5186 | D:5      | Entered Level 5 of the Dungeon
  5536 | D:5      | Found a sand-covered staircase.
  5642 | Ossuary  | Entered an ossuary
  6273 | Ossuary  | Noticed Menkaure
  6293 | Ossuary  | Killed Menkaure
  6294 | Ossuary  | Reached XP level 8. HP: 24/44 MP: 1/14
  7133 | D:5      | Reached skill level 1 in Armour
  7189 | D:5      | Reached skill level 5 in Conjurations
  7699 | D:6      | Found a stormy altar of Qazlal.
  8241 | D:7      | Found a staircase to the Ecumenical Temple.
  8249 | D:7      | Reached XP level 9. HP: 50/50 MP: 6/16
  8427 | D:7      | Reached skill level 5 in Spellcasting
  8636 | Temple   | Entered the Ecumenical Temple
  8657 | Temple   | Became a worshipper of Sif Muna the Loreminder
  8715 | D:7      | Reached skill level 1 in Invocations
  8816 | D:7      | Reached skill level 2 in Invocations
  8924 | D:7      | Reached skill level 3 in Invocations
  9183 | D:7      | Learned a level 5 spell: Irradiate
  9327 | D:7      | Found an opulent altar of Gozag.
  9386 | D:7      | Reached skill level 1 in Transmutations
  9495 | D:4      | Bought a brightly glowing long sword for 221 gold pieces
  9495 | D:4      | Identified the +2 long sword "Peqeet" {drain, rPois rC+}
                  | (You bought it in a shop on level 4 of the Dungeon)
  9581 | D:8      | Reached skill level 4 in Invocations
 10180 | D:8      | Reached skill level 5 in Ice Magic
 10180 | D:8      | Reached skill level 5 in Invocations
 10281 | D:7      | Reached XP level 10. HP: 24/56 MP: 7/17
 10429 | D:7      | Reached skill level 6 in Invocations
 10559 | D:6      | Reached skill level 5 in Summonings
 10654 | D:6      | Reached * piety under Sif Muna
 11009 | D:8      | Reached skill level 7 in Invocations
 12224 | D:9      | Found a burning altar of Makhleb.
 12345 | D:9      | Noticed a death yak
 12345 | D:9      | Noticed a death yak
 12345 | D:9      | Noticed a death yak
 12345 | D:9      | Found a staircase to the Lair.
 12346 | D:9      | Noticed a death yak
 12346 | D:9      | Noticed a death yak
 12397 | D:10     | Entered Level 10 of the Dungeon
 12595 | D:10     | Reached skill level 8 in Invocations
 12830 | D:10     | Noticed Sonja
 13674 | D:11     | Found Jycs's Jewellery Emporium.
 13674 | D:11     | Found Rauthath's Assorted Antiques.
 13674 | D:11     | Found Fymaihy's Assorted Antiques.
 13756 | D:11     | Reached XP level 11. HP: 49/61 MP: 8/19
 14180 | D:9      | Reached ** piety under Sif Muna
 14290 | D:9      | Identified the +8 whip "Secak" {chaos, rN+ Str+3 Int-4}
 14343 | D:9      | Found an iron altar of Okawaru.
 14375 | D:9      | Found a snail-covered altar of Cheibriados.
 14475 | D:9      | Noticed a death yak
 14798 | D:11     | Reached skill level 5 in Fighting
 14801 | D:11     | Reached skill level 9 in Invocations
 14937 | D:11     | Noticed a cyclops
 14947 | D:11     | Killed a cyclops
 15093 | D:10     | Reached skill level 5 in Transmutations
 15893 | D:11     | Noticed a two-headed ogre
 15896 | D:11     | Killed a two-headed ogre
 16147 | D:11     | Bought a translucent iron ring for 160 gold pieces
 16147 | D:11     | Identified the ring "Rogoytzy" {rC+ Will+ Slay+3} (You
                  | bought it in a shop on level 11 of the Dungeon)
 16585 | Lair:1   | Entered Level 1 of the Lair of Beasts
 16830 | D:9      | Reached XP level 12. HP: 45/68 MP: 17/24
 17455 | Lair:1   | Reached *** piety under Sif Muna
 18008 | D:8      | Killed a death yak
 18567 | Lair:1   | Noticed a boulder beetle
 18580 | Lair:1   | a boulder beetle changed into a fire dragon
 18580 | Lair:1   | Noticed a fire dragon
 18591 | Lair:1   | Killed from afar by a fire dragon

Illustrated notes

Levels and vault maps discovered:
D:1:      dpeg_arrival_concentric_ovals, layout_loops_corners, minivault_23,
          nicolae_twisty_statue_hallways
D:2:      layout_loops_corners, uniq_crazy_yiuf_cottage
D:3:      layout_loops_ring, lemuel_coloured_pillars_altar, vehumet_crystals
D:4:      layout_layer_cave, nzn_hepliaklqana_mist_gate,
          mainiacjoe_overflow_swirl, overflow_temple_1_default, serial_shops,
          shop, uniq_natasha
D:5:      layout_basic, cheibrodos_sewer_entry_drain,
          lightli_ossuary_entry_decrepit_ruins
D:6:      layout_gridville, mainiacjoe_overflow_brackets
D:7:      layout_cave_pools, mainiacjoe_overflow_paths,
          minmay_temple_entry_statues_pillars
D:8:      layout_layer_cave, minivault_10
D:9:      layout_cave_pools, mainiacjoe_overflow_small_starburst,
          bloody_makhleb, okawaru_gym_becter, dpeg_lair_monsters
D:10:     layout_roguey, nicolae_tricolors, uniq_sonja
D:11:     minmay_recursive_quarters, layout_rooms,
          nicolae_shop_distant_corner_stores
D:12:     layout_long_grid, hiddenorc2_lemuel
Temple:   hellmonk_temple_of_storms
Lair:1:   layout_long_grid

Skill      XL: |  1  2  3  4  5  6  7  8  9 10 11 12 |
---------------+-------------------------------------+-----
Fighting       | 1 2 3 4 5 |  5.7
Conjurations   | 1 2 3 4 5 7 |  7.8
Earth Magic    | 4 5 6 7 8 |  8.0
Spellcasting   | 3 4 5 8 |  8.0
Short Blades   | 1 2 |  2.0
Ice Magic      | 1 2 3 5 |  5.0
Summonings     | 1 2 3 4 5 |  5.4
Armour         | 2 3 4 |  4.1
Dodging        | 2 |  2.0
Stealth        | 3 |  3.0
Invocations    | 5 8 9 |  9.0
Transmutations | 2 4 6 |  6.0

Action                     |  1- 3 |  4- 6 |  7- 9 | 10-12 || total
---------------------------+-------+-------+-------+-------++-------
  Melee: Whip              |    10 |       |       |       ||    10
         Lajatang          |     5 |       |       |       ||     5
         Rapier            |       |     9 |    34 |    59 ||   102
         Punch             |       |     1 |       |     1 ||     2
         Dagger            |       |       |    26 |       ||    26
   Cast: Sandblast         |    45 |    72 |   179 |    92 ||   388
         Stone Arrow       |       |     6 |    34 |   155 ||   195
         Summon Ice Beast  |       |       |     7 |    42 ||    49
 Invoke: Channel Magic     |       |       |       |     2 ||     2
  Evoke: Wand              |       |       |       |    12 ||    12
    Use: Scroll            |       |     6 |    12 |     5 ||    23
         Potion            |       |       |       |     2 ||     2
 Armour: Robe              |    16 |    26 |   119 |   251 ||   412
  Dodge: Dodged            |    19 |    30 |   150 |   237 ||   436

Table legend: (Time is in decaauts)
 A = Elapsed time spent in this place.
 B = Non-inter-level travel time spent in this place.
 C = Inter-level travel time spent in this place.
 D = Time resting spent in this place.
 E = Time spent auto-exploring this place.
 F = Levels seen in this place.
 G = Mean time per level.
                   A        B        C        D        E       F      G
               +--------+--------+--------+--------+--------+-----+--------+
         Total |  18831 |  17564 |   1267 |   4947 |   9806 |  15 | 1255.4 |
       Dungeon |  17275 |  16049 |   1226 |   4556 |   9062 |  12 | 1439.6 |
        Temple |     42 |      1 |     41 |      0 |      0 |   1 |   42.0 |
          Lair |    677 |    677 |      0 |    287 |    244 |   1 |  677.0 |
       Ossuary |    835 |    835 |      0 |    104 |    500 |   1 |  835.0 |
               +--------+--------+--------+--------+--------+-----+--------+

Top non-repeatable levels by time:
    D:10: 1984 daAuts
     D:8: 1980 daAuts
    D:11: 1808 daAuts
     D:9: 1774 daAuts
     D:6: 1577 daAuts
     D:2: 1557 daAuts
     D:7: 1434 daAuts
     D:1: 1406 daAuts
     D:4: 1376 daAuts
     D:5: 1329 daAuts
     D:3: 943 daAuts
 Ossuary: 835 daAuts
  Lair:1: 677 daAuts
    D:12: 103 daAuts
  Temple: 42 daAuts
